 Dungeon Crawl Stone Soup version 0.22-a0-283-g1871b15 (webtiles) character file.

849 Azzok the Digger (level 7, 0/36 HPs)
             Began as a Deep Elf Earth Elementalist on Mar 19, 2018.
             Slain by Nib's ghost (11 damage)
             ... on level 6 of the Dungeon.
             The game lasted 00:10:23 (6279 turns).

Azzok the Digger (Deep Elf Earth Elementalist)      Turns: 6279, Time: 00:10:24

Health: 0/36       AC:  4    Str:  5    XL:     7   Next: 69%
Magic:  1/28       EV: 13    Int: 22    God:
Gold:   256        SH:  0    Dex: 15    Spells: 3/12 levels left

rFire    . . .     SeeInvis .   x - staff of power
rCold    . . .     Gourm    .   (no shield)
rNeg     . . .     Faith    .   c - +0 robe
rPois    .         Spirit   .   q - +0 helmet
rElec    .         Reflect  .   (no cloak)
rCorr    .         Harm     .   (no gloves)
MR       .....                  n - +0 pair of boots
Stlth    ++........             (no amulet)
HPRegen  0.12/turn              (no ring)
MPRegen  0.21/turn              (no ring)

@: no status effects
A: no striking features
a: no special abilities


You were on level 6 of the Dungeon.
You were very hungry.

You visited 1 branch of the dungeon, and saw 6 of its levels.

You collected 256 gold pieces.

Inventory:

Hand Weapons
 p - a +2 dagger of holy wrath
Missiles
 b - 128 stones (quivered)
Armour
 c - a +0 robe (worn)
 n - a +0 pair of boots (worn)
 q - a +0 helmet (worn)
 s - the cursed +0 leather armour "Mingir" {Str+4, unknown}
   (You found it on level 4 of the Dungeon)

   It affects your strength (+4).
   It has a curse placed upon it.
Magical Staves
 x - an uncursed staff of power (weapon)
Jewellery
 m - an uncursed ring of protection from cold {unknown}
Wands
 y - a wand of disintegration (11)
Scrolls
 a - 5 scrolls of teleportation {unknown}
 f - 2 scrolls of enchant weapon {unknown}
 h - a scroll of random uselessness {unknown}
 j - a scroll of remove curse {unknown}
 k - 6 scrolls of identify {unknown}
 r - a scroll of amnesia {unknown}
Potions
 e - a potion of lignification {unknown}
 g - a potion of mutation {unknown}
 i - a potion of ambrosia {unknown}
 l - a potion of might {unknown}
 o - a potion of degeneration {unknown}
 t - a potion of brilliance {unknown}
 u - a potion of agility {unknown}
 v - a potion of cancellation {unknown}
 w - a potion of invisibility {unknown}
Comestibles
 d - 11 rations
 z - 6 chunks of flesh


   Skills:
 - Level 2.4 Dodging
 - Level 2.4 Stealth
 - Level 3.0 Spellcasting
 + Level 6.1 Conjurations
   Level 1.1 Transmutations
 + Level 7.9 Earth Magic


You had 3 spell levels left.
You knew the following spells:

 Your Spells              Type           Power        Failure   Level  Hunger
a - Sandblast             Erth           #####.       1%          1    None
b - Stone Arrow           Conj/Erth      ####..       1%          3    ###....
c - Lee's Rapid Deconstr  Erth           #####.....   13%         5    ######.


Dungeon Overview and Level Annotations

Branches:
Dungeon (6/15)
 Temple: D:4-7

Altars:
Ashenzari
Kikubaaqudgha
Nemelex Xobeh

Shops:
D:5 [

Annotations:
D:6 Nib's ghost, novice DsGl


Message History

The blast of sand hits Nib's ghost.
Nib's ghost is severely damaged.
b - 129 stones
* * * LOW MAGIC WARNING * * *
Nib's ghost barely misses you.
You see here a jackal skeleton.
You see here a runed hand axe.
Casting: Sandblast (safe; 1% risk of failure)
Confirm with . or Enter, or press ? or * to list all spells.
Aiming: Sandblast (safe; 1% risk of failure)
Press: ? - help, Shift-Dir - straight line, f/p - Nib's ghost
Aim: Nib's ghost (severely damaged)
The blast of sand hits Nib's ghost.
Nib's ghost is severely damaged.
b - 128 stones
* * * LOW MAGIC WARNING * * *
Nib's ghost hits you.
* * * LOW HITPOINT WARNING * * *
Nib's ghost hits you!
You die...

······ ▒········▒▒
·····▒╬▒▒▒·········▒
·······▒▒·········▒▒
▒·····▒▒·W·▒▒▒····▒
▒·····'······▒▒▒·▒▒
▒·····▒▒·▒▒····▒▒▒···
▒·····▒▒·▒·······▒·_·
▒▒▒▒'▒▒▒·······▒▒▒···
▒@▒▒▒▒▒▒··▒▒▒·▒▒
▒)W÷··†·▒▒▒····▒·▒
▒▒▒▒▒▒▒▒······▒▒·▒
▒······▒···
▒·····▒▒···
▒·····▒h·h·
▒·····▒····
▒·▒▒▒h▒···▒
▒········▒


You could see Nib's ghost.

Vanquished Creatures
  A necrophage (D:6)
  2 ogres
  A scorpion (D:5)
  A crimson imp (D:5)
  2 bullfrog skeletons
  2 iguanas
  6 worker ants
  Robin (D:3)
  4 gnolls (D:4)
  11 adders
  An adder skeleton (D:4)
  4 dart slugs (D:1)
  3 leopard geckos (D:1)
  6 orcs
  8 bats
  4 giant cockroaches
  18 goblins
  9 hobgoblins
  12 jackals
  2 ball pythons (D:4)
  8 frilled lizards
  5 kobolds
  3 rats
114 creatures vanquished.

Notes
Turn   | Place    | Note
-------+----------+-------------------------------------------
     0 | D:1      | Azzok the Deep Elf Earth Elementalist began the quest for the Orb.
     0 | D:1      | Reached XP level 1. HP: 10/10 MP: 6/6
   108 | D:1      | Reached skill level 4 in Earth Magic
   108 | D:1      | Reached XP level 2. HP: 13/15 MP: 2/8
   818 | D:1      | Reached XP level 3. HP: 19/19 MP: 7/9
   825 | D:1      | Learned a level 3 spell: Stone Arrow
  1209 | D:2      | Reached skill level 1 in Conjurations
  1288 | D:2      | Reached skill level 5 in Earth Magic
  1683 | D:2      | Found a sparkling altar of Nemelex Xobeh.
  1761 | D:2      | Reached XP level 4. HP: 24/24 MP: 2/10
  2595 | D:3      | Found an ancient bone altar of Kikubaaqudgha.
  2720 | D:3      | Reached XP level 5. HP: 28/28 MP: 7/11
  2816 | D:3      | Noticed Robin
  2832 | D:3      | Killed Robin
  3378 | D:3      | Learned a level 5 spell: Lee's Rapid Deconstruction
  3400 | D:4      | Reached skill level 6 in Earth Magic
  3607 | D:4      | Reached XP level 6. HP: 32/32 MP: 5/12
  4319 | D:4      | Reached skill level 7 in Earth Magic
  4564 | D:4      | Got a spiked leather armour
  4578 | D:5      | Entered Level 5 of the Dungeon
  4596 | D:5      | Identified Joux's Handbook of Changing and Companions
  4627 | D:5      | Reached skill level 5 in Conjurations
  4627 | D:5      | Reached XP level 7. HP: 29/36 MP: 3/13
  5300 | D:5      | Found Lobb's Armour Boutique.
  6151 | D:6      | Found a shattered altar of Ashenzari.
  6174 | D:6      | Noticed Nib's ghost (novice DsGl)
  6279 | D:6      | Slain by Nib's ghost

Vault maps used:
D:1:      scummos_arrival_checkerplants, minmay_tetromino_l4
D:2:      nemelex_altar_shiori
D:3:      nicolae_overflow_hidden_temple, first_ration, interstate_on_off,
          uniq_robin
D:5:      serial_shops, shop, kennysheep_cross_room
D:6:      kennysheep_little_box, serial_park_tiny_1,
          nicolae_ashenzari_panopticon

Skill      XL: |  1  2  3  4  5  6  7 |
---------------+----------------------+-----
Earth Magic    | 4 5 6 7 |  7.9
Conjurations   | 1 2 3 5 6 |  6.1
Dodging        | |  2.4
Stealth        | |  2.4
Spellcasting   | |  3.0
Transmutations | |  1.1

Action                   |  1- 3 |  4- 6 |  7- 9 || total
-------------------------+-------+-------+-------++-------
Melee: Unarmed           |    14 |       |       ||    14
       Short sword       |    49 |    44 |       ||    93
       Dagger            |       |    13 |       ||    13
 Cast: Sandblast         |    23 |    26 |     5 ||    54
       Stone Arrow       |    13 |    54 |    36 ||   103
 Stab: Sleeping          |     3 |       |       ||     3
  Eat: Chunk             |     4 |    13 |     4 ||    21
       Ration            |       |       |     1 ||     1
Armor: Robe              |    10 |    21 |     2 ||    33
Dodge: Dodged            |    50 |    86 |    13 ||   149

Table legend:
 A = Spawn XP
 B = Non-spawn XP
 C = Spawn XP percentage of total XP
 D = Spawn monster count
 E = Non-spawn monster count
 F = Spawn count percentage of total count
 G = Total turns spent on level
                    A         B        C        D         E        F      G
               +---------+---------+-------+---------+---------+-------+---------
         Total |       0 |    1213 |   0.0 |       0 |     114 |   0.0 |  6279
               +---------+---------+-------+---------+---------+-------+---------
           D:1 |       0 |      55 |   0.0 |       0 |      26 |   0.0 |  1251
           D:2 |       0 |      86 |   0.0 |       0 |      18 |   0.0 |   998
           D:3 |       0 |     128 |   0.0 |       0 |      31 |   0.0 |  1143
           D:4 |       0 |     450 |   0.0 |       0 |      20 |   0.0 |  1186
           D:5 |       0 |     353 |   0.0 |       0 |      10 |   0.0 |  1422
           D:6 |       0 |     141 |   0.0 |       0 |       9 |   0.0 |   279
               +---------+---------+-------+---------+---------+-------+---------
